 Dungeon Crawl Stone Soup version 0.23-a0-619-g281719c (console) character file.

162 Duffy the Firebug (level 5, 5/42 HPs)
             Began as a Naga Fire Elementalist on Dec 22, 2018.
             Quit the game in an ossuary.
             The game lasted 00:03:29 (2855 turns).

Duffy the Firebug (Naga Fire Elementalist)          Turns: 2855, Time: 00:03:30

Health: 5/42       AC:  2    Str: 10    XL:     5   Next: 43%
Magic:  3/8        EV: 10    Int: 17    God:
Gold:   157        SH:  0    Dex: 11    Spells: 5/9 levels left

rFire    . . .     SeeInvis +   c - 6 rations
rCold    . . .     Gourm    .   (no shield)
rNeg     . . .     Faith    .   a - +0 robe
rPois    +         Spirit   .   (no helmet)
rElec    .         Reflect  .   (no cloak)
rCorr    +         Harm     .   (no gloves)
MR       .....                  (no barding)
Stlth    ++........             (no amulet)
HPRegen  0.14/turn              b - ring of resist corrosion
MPRegen  0.11/turn              h - ring of wizardry

@: very slow
A: large, see invisible, deformed body, poison resistance, slowness 2, slow
metabolism 1, spit poison 1, AC +1
a: Spit Poison


You were in an ossuary.
You were not hungry.

You visited 1 branch of the dungeon, and saw 4 of its levels.
You also visited: Ossuary.

You collected 157 gold pieces.

Inventory:

Armour
 a - a +0 robe (worn)
Jewellery
 b - a ring of resist corrosion (left hand)
 h - a ring of wizardry (right hand)
Scrolls
 f - 4 scrolls of remove curse {unknown}
Potions
 d - a potion of brilliance {unknown}
 e - a potion of lignification {unknown}
 g - a potion of might {unknown}
Comestibles
 c - 6 rations (in hand)


   Skills:
 - Level 1.5 Dodging
 - Level 3.0 Stealth
 + Level 2.5 Spellcasting
 * Level 4.0 Conjurations
 * Level 4.0 Fire Magic


You had 5 spell levels left.
You knew the following spells:

 Your Spells              Type           Power        Failure   Level  Hunger
h - Flame Tongue          Conj/Fire      ###..        1%          1    #......
l - Conjure Flame         Conj/Fire      ###.....     4%          3    ###....

Your spell library contained the following spells:

 Spells                   Type           Power        Failure   Level  Hunger
 Throw Flame              Conj/Fire      ###...       2%          2    ##.....
 Inner Flame              Hex/Fire       #.......     10%         3    ###....
 Sticky Flame             Conj/Fire      ###.....     14%         4    #####..
 Fireball                 Conj/Fire      ###.......   36%         5    ######.


Dungeon Overview and Level Annotations

Branches:
Dungeon (4/15)
 Temple: D:4-7

Altars:
Gozag


Innate Abilities, Weirdness & Mutations

You cannot wear boots.
Your serpentine skin is tough. (AC +1)
You have supernaturally acute eyesight. (SInv)
Armour fits poorly on your strangely shaped body.
Your system is resistant to poisons. (rPois)
You cover ground very slowly.
You have a slow metabolism.
You can spit poison.


Message History

You destroy the mummy!
Your Conjurations skill increases to level 4!
Your Fire Magic skill increases to level 4!
Casting: Flame Tongue (safe; 1% risk of failure)
Confirm with . or Enter, or press ? or * to list all spells.
You can't see any susceptible monsters within range! (Use Z to cast anyway.)
Casting: Flame Tongue (safe; 1% risk of failure)
Confirm with . or Enter, or press ? or * to list all spells.
You can't see any susceptible monsters within range! (Use Z to cast anyway.)
There is a sand-covered staircase here.
The world spins around you as you enter the gateway.
You enter an ossuary! 12 zombies come into view.
Found a gate leading back out of this place.
There is an empty arch of ancient stone here.
A mummy comes into view.
The kobold zombie closely misses you. The orc zombie hits you.
The elf zombie hits you. The hound zombie barely misses you.
The goblin zombie barely misses you.
Are you sure you want to abandon this character and quit the game? (Confirm

#############
#^..........
#^......... ...
#.........#####....
^^..................
....M...Z...........
#..@Z.Z..Z......
.##..ZZ...........
......Z............
#......Z............
##..........Z.......
#......Z...Z.......
#......Z...\.......
...................
...................


You could see a mummy, an adder zombie, a hound zombie, 2 goblin zombies, a
hobgoblin zombie, a gnoll zombie, 2 kobold zombies, 2 orc zombies and 2 elf
zombies.

Vanquished Creatures
  A howler monkey (D:4)
  2 worker ants (D:4)
  A mummy (D:4)
  2 adders
  2 dart slugs
  3 leopard geckos
  5 bats
  3 giant cockroaches
  2 goblins
  7 hobgoblins
  A jackal (D:3)
  A quokka (D:4)
  8 kobolds
  3 rats
41 creatures vanquished.

Notes
Turn   | Place    | Note
-------+----------+-------------------------------------------
     0 | D:1      | Duffy the Naga Fire Elementalist began the quest for the
                  | Orb.
     0 | D:1      | Reached XP level 1. HP: 15/15 MP: 3/3
   250 | D:1      | Reached XP level 2. HP: 22/22 MP: 0/5
  1009 | D:2      | Found an opulent altar of Gozag.
  1257 | D:2      | Reached XP level 3. HP: 28/28 MP: 4/6
  1300 | D:2      | Learned a level 3 spell: Conjure Flame
  2185 | D:3      | Noticed a phantom
  2367 | D:4      | Reached XP level 4. HP: 14/36 MP: 2/7
  2396 | D:4      | HP: 1/36 [leopard gecko (3)]
  2810 | D:4      | Reached XP level 5. HP: 32/42 MP: 1/8
  2839 | D:4      | Found a sand-covered staircase.
  2849 | Ossuary  | Entered an ossuary
  2855 | Ossuary  | Quit the game

Vault maps used:
D:1:      dpeg_arrival_solitude
D:2:      grunt_gozag_breadcrumbs
D:3:      minmay_evil_eye
D:4:      minmay_temple_entry_enclosed_plants, gup_ossuary_entry_pyramid,
          first_ration
Ossuary:  ossuary_minmay_tomb_2a

Skill      XL: |  1  2  3  4  5 |
---------------+----------------+-----
Conjurations   | 2 3 4 |  4.0
Fire Magic     | 4 |  4.0
Dodging        | |  1.5
Stealth        | |  3.0
Spellcasting   | |  2.5

Action                   |  1- 3 |  4- 6 || total
-------------------------+-------+-------++-------
 Cast: Flame Tongue      |    60 |    17 ||    77
 Abil: Spit Poison       |     9 |     5 ||    14
  Eat: Chunk             |     3 |       ||     3
       Ration            |       |     1 ||     1
Armor: Robe              |     5 |       ||     5
Dodge: Dodged            |    15 |    20 ||    35

Table legend:
 A = Non-vault XP
 B = Vault XP
 C = Vault XP percentage of total XP
 D = Non-vault monster count
 E = Vault monster count
 F = Vault count percentage of total count
                 A         B        C        D         E       F
            +---------+---------+-------+---------+---------+-------
      Total |     196 |      36 |  15.5 |      38 |       3 |   7.3
            +---------+---------+-------+---------+---------+-------
        D:1 |      25 |       0 |   0.0 |      15 |       0 |   0.0
        D:2 |      39 |       0 |   0.0 |      16 |       0 |   0.0
        D:3 |       2 |      15 |  88.2 |       1 |       2 |  66.7
        D:4 |     130 |      21 |  13.9 |       6 |       1 |  14.3
            +---------+---------+-------+---------+---------+-------
